 Dungeon Crawl Stone Soup version 0.13-b1-32-g21a608e (webtiles) character file.

352 Lilouch the Skirmisher (level 5, -2/42 HPs)
             Began as a Mummy Fighter on Oct 6, 2013.
             Slain by a gnoll
             ... wielding a +0,+0 halberd
              (13 damage)
             ... on Level 3 of the Dungeon.
             The game lasted 00:24:37 (29296 turns).

Lilouch the Skirmisher (Mummy Fighter)             Turns: 29296, Time: 00:24:38

HP  -2/42        AC 11     Str 19      XL: 5   Next: 60%
MP   4/4         EV  4     Int  7      God:
Gold 138         SH 18     Dex 12      Spells:  0 memorised,  4 levels left

Res.Fire  : x . .   See Invis. : .   a - +0 hand axe {=f}
Res.Cold  : + . .   Warding    : .   l - +0 chain mail
Life Prot.: + + +   Conserve   : .   c - +0 shield
Res.Poison: +       Res.Corr.  : .   r - +0 orc helmet
Res.Elec. : .       Clarity    : .   (no cloak)
Sust.Abil.: . .     Spirit.Shd : .   (no gloves)
Res.Mut.  : .       Stasis     : .   e - +0 pair of boots
Res.Rott. : +       Flight     : .   (no amulet)
Saprovore : . . .                    (no ring)
                                     s - cursed -4,-2 ring of slaying {unknown}

@: slightly resistant to hostile enchantments, extremely unstealthy
A: no food or potions, fire vulnerability, restore body, cold resistance 1, life
protection 3, poison resistance, torment resistance, unbreathing
a: no special abilities


You were on level 3 of the Dungeon.
You were not hungry.

You visited 1 branch of the dungeon, and saw 3 of its levels.

You collected 118 gold pieces.

Inventory:

Hand weapons
 a - a +0,+0 hand axe (weapon) {=f}
 g - a +0,+1 dwarven hand axe (quivered)
 n - a +0,+1 dagger of holy wrath
 p - a +0,+0 sling
Missiles
 h - 13 arrows
 k - 15 stones
 t - 5 darts
Armour
 c - a +0 shield (worn)
 e - a +0 pair of boots (worn)
 l - a +0 chain mail (worn)
 r - a +0 orcish helmet (worn)
Comestibles
 x - a meat ration
 z - 2 bread rations
 B - an apple
Scrolls
 d - a scroll of curse weapon {unknown}
 f - 8 scrolls of fog {unknown}
 i - a scroll of teleportation {unknown}
 o - a scroll of fear {unknown}
 q - 2 scrolls of recharging {unknown}
 u - 2 scrolls of remove curse {unknown}
 w - a scroll of blinking {unknown}
 y - a scroll of identify {unknown}
 C - a scroll of magic mapping {unknown}
Jewellery
 s - a cursed -4,-2 ring of slaying (left hand) {unknown}
Potions
 b - a potion of heal wounds {unknown}
 j - a potion of confusion {unknown}
 m - 2 potions of magic {unknown}
 v - a potion of curing {unknown}
 A - a potion of mutation {unknown}


   Skills:
 + Level 3.8 Fighting
 * Level 2.3 Axes
 + Level 3.6 Armour
 - Level 1.0 Dodging
 - Level 0.5 Stealth
 + Level 3.2 Shields


You had 4 spell levels left.
You didn't know any spells.

Dungeon Overview and Level Annotations

Branches:
Dungeon (3/27)

Altars:
Zin

Shops:
D:2 *


Innate Abilities, Weirdness & Mutations

You do not eat or drink.
Your flesh is vulnerable to fire.
Your flesh is cold resistant.
You are immune to negative energy.
Your system is resistant to poisons.
You are immune to unholy pain and torment.
You can survive without breathing.


Message History

You see here a spear.
The gnoll hits you but does no damage. The gnoll hits you with a halberd.
Your shield and chain mail prevent you from hitting the gnoll.
You block the gnoll's attack.
Your shield and chain mail prevent you from hitting the gnoll.
The gnoll hits you but does no damage.
Your chain mail prevents you from hitting the gnoll.
The gnoll hits you with a halberd.
You hit the gnoll.
The gnoll is moderately wounded.
The gnoll hits you with a halberd.
* * * LOW HITPOINT WARNING * * *
You hit the gnoll but do no damage.
The gnoll is moderately wounded.
The gnoll hits you but does no damage.
You closely miss the gnoll.
The gnoll is moderately wounded.
The gnoll hits you with a halberd!
You die...

#.# #.# #.# #.# ######
#.# #.# #....# #%# #.#
#....####.### #.#
#...........# #.#
#....##...#.# #g#
#....######g#######
#.#
#...>...).@.......#
#.#
####....############.#
#.# #........# #.#
##........## #.#
...........# #.#
###.........##### #.#
.................. #.#
###.........##### #.#
#.........# #.#


You could see a gnoll.

Vanquished Creatures
  A hound (D:1)
  Ijyb (D:2)
  5 adders
  2 gnolls (D:3)
  3 orcs (D:3)
  15 bats
  8 giant cockroaches
  14 goblins
  9 hobgoblins
  3 jackals (D:1)
  7 kobolds
  3 ball pythons
  5 giant geckos
  2 giant newts (D:2)
  A jackal skeleton (D:2)
  A quokka (D:3)
  14 rats
94 creatures vanquished.

Notes
Turn   | Place    | Note
--------------------------------------------------------------
     0 | D:1      | Lilouch, the Mummy Fighter, began the quest for the Orb.
     0 | D:1      | Reached XP level 1. HP: 18/18 MP: 0/0
   235 | D:1      | Reached XP level 2. HP: 20/24 MP: 1/1
  2189 | D:1      | Reached XP level 3. HP: 30/30 MP: 2/2
 13349 | D:1      | Reached XP level 4. HP: 20/36 MP: 3/3
 13892 | D:1      | Noticed a troll
 13908 | D:2      | Found Zin's Purification Station.
 13910 | D:2      | Found a glowing silver altar of Zin.
 13918 | D:2      | Noticed Ijyb
 13944 | D:2      | Killed Ijyb
 13944 | D:2      | Reached skill level 1 in Dodging
 14729 | D:3      | Reached XP level 5. HP: 33/42 MP: 4/4
 20154 | D:1      | Noticed a hippogriff
 28595 | D:2      | Noticed a wraith
 29296 | D:3      | Slain by a gnoll

Action                   |  1- 3 |  4- 6 || total
-------------------------+-------+-------++-------
Melee: Hand axe          |   168 |   252 ||   420
